 Dungeon Crawl Stone Soup version 0.30-a0-310-g7d6cbdfea6 (webtiles) character file.

Game seed: 8962731650235646439

21954 croobank the Spry (level 12, -9/61 HPs)
             Began as a Felid Summoner on Oct 24, 2022.
             Was an Initiate of Gozag.
             Mangled by a goliath frog (21 damage)
             ... on level 5 of the Lair of Beasts on Oct 25, 2022.
             The game lasted 02:52:26 (24642 turns).

croobank the Spry (Felid Summoner)                 Turns: 24642, Time: 02:52:27

Health: -9/61      AC:  3    Str:  4    XL:     12   Next: 58%
Magic:  33/36      EV: 29    Int: 21    God:    Gozag
Gold:   237        SH:  0    Dex: 17    Spells: 11/31 levels left
                                        Lives:  0   Deaths: 4

rFire   + . .      SeeInvis +    (weapon unavailable)
rCold   + + .      Faith    .    (shield unavailable)
rNeg    . . .      Spirit   .    (body armour unavailable)
rPois   +          Reflect  .    (helmet unavailable)
rElec   +          Harm     .    (cloak unavailable)
rCorr   +          Rampage  .    (gloves unavailable)
Will    +....                    (boots unavailable)
Stlth   +++.......               b - amulet of magic regeneration
HPRegen 0.30/turn                x - ring of magical power
MPRegen 0.65/turn                C - ring of resist corrosion

@: resistant, gold aura, on berserk cooldown, hasted and slowed, quick
A: very small, claws 1, fangs 3, see invisible, speed 1, shaggy fur 3, stealthy
paws, no weapons or thrown items, no armour, multi-lived
a: Renounce Religion, Potion Petition, Call Merchant, Bribe Branch


You were on level 5 of the Lair of Beasts.
You worshipped Gozag.
Gozag was aware of your devotion.
You visited 3 branches of the dungeon, and saw 18 of its levels.

You collected 3863 gold pieces.
You spent 265 gold pieces at shops.
You paid 3361 gold pieces to Gozag.

Inventory:

Jewellery
 b - an amulet of magic regeneration (around neck)
 f - the ring of Bubief Apuch {rPois rF- rC+ rN+ Int+4}
   (You acquired it on level 3 of the Dungeon)

   [ring of positive energy]

   Int:       It affects your intelligence (+4).
   rF:        It makes you vulnerable to fire.
   rC:        It protects you from cold.
   rPois:     It protects you from poison.
   rN:        It protects you from negative energy.
 n - a ring of ice
 u - a ring of flight
 x - a ring of magical power (left paw)
 y - a ring of magical power
 C - a ring of resist corrosion (right paw)
 F - a ring of wizardry
 I - a ring of protection from fire
Wands
 h - a wand of light (9)
 o - a wand of mindburst (13)
 w - a wand of roots (13)
 B - a wand of charming (13)
 H - a wand of digging (1)
 K - a wand of polymorph (2)
Scrolls
 a - 3 scrolls of teleportation
 c - a scroll of fear
 d - 3 scrolls of poison
 i - 3 scrolls of identify
 k - 7 scrolls of noise
 s - 4 scrolls of amnesia
 t - 3 scrolls of immolation
 z - 3 scrolls of fog
 A - a scroll of silence
 G - a scroll of magic mapping {unknown}
 M - a scroll of brand weapon {unknown}
Potions
 e - 3 potions of lignification
 g - a potion of might
 j - 2 potions of flight
 m - 3 potions of attraction
 q - a potion of mutation
 r - a potion of ambrosia
 v - a potion of magic
 D - 2 potions of brilliance
 E - 3 potions of berserk rage
 J - a potion of cancellation {unknown}
 L - a potion of resistance
Miscellaneous
 p - a box of beasts


   Skills:
 + Level 12.8 Fighting
 + Level 16.6 Dodging
 - Level 3.3 Stealth
 - Level 10.0 Spellcasting
 - Level 5.0 Hexes
 - Level 10.0 Summonings
 - Level 6.8 Translocations
 - Level 8.9 Air Magic


You had 11 spell levels left.
You knew the following spells:

 Your Spells              Type           Power      Damage    Failure   Level
a - Summon Small Mammal   Summ           100%       N/A       1%          1
b - Call Imp              Summ           51%        N/A       1%          2
c - Call Canine Familiar  Summ           51%        N/A       1%          3
d - Summon Guardian Gole  Hex/Summ       42%        N/A       1%          3
e - Summon Lightning Spi  Summ/Air       50%        N/A       1%          4
f - Passage of Golubria   Tloc           39%        N/A       3%          4
g - Mephitic Cloud        Conj/Pois/Air  22%        N/A       6%          3

Your spell library contained the following spells:

 Spells                   Type           Power      Damage    Failure   Level
 Static Discharge         Conj/Air       58%        2-5/arc   1%          2
 Vhi's Electric Charge    Tloc/Air       86%        N/A       1%          3
 Tukima's Dance           Hex            31%        N/A       2%          3
 Magic Dart               Conj           40%        1d5       6%          1
 Dazzling Flash           Conj/Hex       42%        N/A       7%          3
 Inner Flame              Hex/Fire       21%        N/A       7%          3
 Sublimation of Blood     Necr           10%        N/A       10%         2
 Silence                  Hex/Air        19%        N/A       11%         5
 Iskenderun's Mystic Bla  Conj/Tloc      24%        2d7       16%         4
 Ozocubu's Armour         Ice            10%        N/A       19%         3
 Arcjolt                  Conj/Air       14%        1d24      28%         5
 Lightning Bolt           Conj/Air       14%        1d28      28%         5
 Flame Wave               Conj/Fire      10%        2d6       54%         4
 Petrify                  Tmut/Erth      10%        N/A       54%         4
 Sticky Flame             Conj/Fire      10%        2d3       54%         4
 Metabolic Englaciation   Hex/Ice        10%        N/A       54%         5
 Blade Hands              Tmut           5%         N/A       87%         5
 Irradiate                Conj/Tmut      5%         3d13      87%         5
 Starburst                Conj/Fire      5%         6d4       100%        6
 Lehudib's Crystal Spear  Conj/Erth      5%         10d3      100%        8
 Portal Projectile        Hex/Tloc       Unusable   N/A       N/A         3
 Simulacrum               Ice/Necr       Unusable   N/A       N/A         6

Dungeon Overview and Level Annotations

Branches:
Dungeon (12/15)            Temple (1/1) D:6            Lair (5/5) D:11
 Shoals (0/4) Lair:2       Spider (0/4) Lair:3          Orc (0/2) D:11
  Slime: Lair:4-5

Altars:
Dithmenos
Elyvilon
Fedhas
Gozag
Hepliaklqana
Kikubaaqudgha
Makhleb
Nemelex Xobeh
Okawaru
Qazlal
Ru
Sif Muna
Uskayaw
Vehumet
Wu Jian
Yredelemnul
Jiyva

Shops:
D:8 ?   D:11 ?

Annotations:
D:4 3 runed translucent doors, greenreed's ghost, amateur GnHs
Lair:5 1 runed translucent door, exclusion: oklob plant


Innate Abilities, Weirdness & Mutations

You have sharp claws.
You have razor-sharp teeth.
You have supernaturally acute eyesight. (SInv)
You cover ground quickly. (Speed+)
Your thick and shaggy fur keeps you warm. (AC +3, rC+)
Your paws help you pounce on unaware monsters.
You are incapable of wielding weapons or throwing items.
You cannot wear armour.
You gain extra lives every three experience levels.


Message History

What are your orders? t - Meow!
Orders for allies: a - Attack new target. r - Retreat! s - Stop attacking. g - Guard the area. f - Follow me.
Anything else - Cancel.
Gang up on whom?
Press: ? - help, Dir - move target, f - goliath frog
Aim: a goliath frog (moderately wounded, ally target)
Okay, then.
Okay, then.
What are your orders? t - Meow!
Orders for allies: a - Attack new target. r - Retreat! s - Stop attacking. g - Guard the area. f - Follow me.
Anything else - Cancel.
Gang up on whom?
Press: ? - help, Dir - move target, f - goliath frog
Aim: a goliath frog (moderately wounded, ally target)
Okay, then.
Okay, then.
Okay, then.
Okay, then.
Okay, then.
Casting: Summon Lightning Spire (dangerous; 1% risk of failure)
Confirm with . or Enter, or press ? or * to list all spells.
Okay, then.
Casting: Summon Lightning Spire (dangerous; 1% risk of failure)
Confirm with . or Enter, or press ? or * to list all spells.
Aiming: Mephitic Cloud (dangerous; 6% risk of failure)
Press: ? - help, Shift-Dir - straight line, f - goliath frog
Aim: a goliath frog (moderately wounded, chance to affect: 43%)
The ball explodes into a vile cloud!
The stinking cloud engulfs the goliath frog but does no damage.
The goliath frog is moderately wounded.
The goliath frog is engulfed in noxious fumes.
The goliath frog hits you from afar!!
You die...
Your body crumbles into a pile of gold.

##..F## ###...~$~.~~...##
#..Y.### #.....~..~.~....#
##.F.#.## ##....~~~.~~$...
##FY...## #......~~~~....##
#.#.....## ##......~~......#
##.#..#..###...8....?......#
######......○#☼...........#
#.......F#..........###
###.#.@#.........#...#.
##...########..###.....
#...##.# ###..#.#..#..
#P....## #..........#.
##.....## #.........#.. ~≈..
#.##...###............ $~~.
## #....###........... ~~..
###..##............ ~...
#..#.............


You could see a goliath frog.

Vanquished Creatures
  An elephant (Lair:4)
  An unseen horror (D:11)
  A tyrant leech (Lair:5)
  4 blink frogs
  A shadow (D:9)
  3 yaks
  Eustachio (D:6)
  A vampire mosquito (Lair:5)
  A bullfrog (Lair:5)
  A howler monkey (D:10)
  An electric eel (Lair:3)
  2 orc wizards (D:4)
  An ufetubus (D:4)
  2 endoplasms (D:1)
  2 goblins
  A jackal (D:1)
  2 quokkas
  3 ball pythons (D:1)
29 creatures vanquished.

Vanquished Creatures (collateral kills)
  Gastronok (D:11)
  A dire elephant (Lair:3)
  Josephine (D:9)
  3 hydras
  Erica (Lair:2)
  5 death yaks
  3 two-headed ogres
  Amaemon (Lair:2)
  A goliath frog (Lair:5)
  Pikel (D:9)
  A necromancer (D:9)
  An oklob plant (Lair:5)
  Maurice (D:11)
  19 elephants
  A black mamba (Lair:4)
  A gargoyle (D:11)
  2 unseen horror zombies (D:9)
  8 cane toads
  A kobold demonologist (D:10)
  6 komodo dragons
  3 rime drakes
  An unseen horror skeleton (D:9)
  3 polar bears
  18 blink frogs
  A dream sheep (Lair:5)
  Sigmund (D:3)
  3 wraiths
  23 yaks
  2 basilisks
  A steam dragon (D:8)
  2 vampire mosquitoes (D:10)
  2 acid dragons (D:11)
  12 water moccasins
  3 ice beasts
  A black bear (D:7)
  3 orc warriors
  3 wolves (Lair:2)
  3 centaurs
  A lemure (D:9)
  A phantom (D:7)
  10 bullfrogs
  A necrophage (D:6)
  8 scorpions
  A wight (D:9)
  2 killer bees (D:9)
  4 howler monkeys
  A centaur zombie (D:9)
  A jelly (D:8)
  4 orc priests
  5 centaur skeletons (D:9)
  A gnoll bouda (D:7)
  3 hounds
  An iguana (D:6)
  4 orc wizards
  A hound zombie (D:4)
  A howler monkey zombie (D:9)
  8 gnolls
  2 howler monkey skeletons (D:9)
  5 adders
  A shadow imp (D:6)
  5 white imps
  2 ufetubi
  An adder zombie (D:4)
  3 dart slugs
  34 orcs
  5 endoplasms
  2 giant cockroaches (Lair:3)
  6 goblins
  4 hobgoblins
  4 jackals
  4 quokkas
  6 ball pythons
  3 bats
  3 frilled lizards
  2 kobolds
  8 rats
  A butterfly (Lair:3)
303 creatures vanquished.

Vanquished Creatures (others)
  A hydra (Lair:4)
  4 death yaks (Lair:4)
  Sonja (Lair:2)
  2 elephants (Lair:3)
  A black mamba (Lair:4)
  2 cane toads
  An orange demon (Lair:2)
  Maggie (D:6)
  A torpor snail (Lair:1)
  3 unseen horror zombies (D:9)
  A komodo dragon (D:11)
  An unseen horror skeleton (D:9)
  A troll (D:10)
  4 flying skulls (D:9)
  A wyvern (Lair:4)
  A shadow (D:9)
  9 yaks
  A vampire mosquito (D:10)
  A water moccasin (D:7)
  Edmund (D:5)
  2 orc warriors
  A bullfrog (Lair:4)
  A necrophage (D:7)
  A gnoll sergeant (D:7)
  14 wights
  4 killer bees (D:9)
  2 centaur zombies (D:9)
  An orc wizard (D:8)
  A howler monkey zombie (D:9)
  5 gnolls (D:7)
  2 orcs
  2 bushes
  24 fungi
  160 plants
258 creatures vanquished.

Grand Total: 590 creatures vanquished

Notes
Turn   | Place    | Note
-------+----------+-------------------------------------------
     0 | D:1      | croobank the Felid Summoner began the quest for the Orb.
     0 | D:1      | Reached XP level 1. HP: 7/7 MP: 4/4
   213 | D:1      | Found a faded altar of an unknown god.
   248 | D:1      | Reached skill level 3 in Dodging
   280 | D:1      | Reached XP level 2. HP: 11/11 MP: 0/6
   283 | D:1      | Learned a level 2 spell: Call Imp
  1579 | D:2      | Found a hide-covered altar of Uskayaw.
  1666 | D:2      | Reached XP level 3. HP: 14/14 MP: 3/7
  1739 | D:2      | Learned a level 3 spell: Call Canine Familiar
  2137 | D:2      | Reached XP level 4. HP: 18/18 MP: 3/8
  2149 | D:2      | Reached skill level 1 in Fighting
  3006 | D:3      | Noticed Sigmund
  3578 | D:4      | Found a runed translucent gate.
  3578 | D:4      | Found a runed translucent gate.
  3578 | D:4      | Found a runed translucent gate.
  3578 | D:4      | Noticed greenreed's ghost (amateur GnHs)
  3581 | D:4      | Found a basalt altar of Yredelemnul.
  3633 | D:4      | Reached skill level 4 in Dodging
  3758 | D:4      | Reached XP level 5. HP: 22/22 MP: 3/10
  3762 | D:4      | Learned a level 3 spell: Summon Guardian Golem
  3903 | D:4      | Reached skill level 1 in Hexes
  3983 | D:4      | Found a stormy altar of Qazlal.
  4305 | D:4      | Reached skill level 5 in Summonings
  4305 | D:4      | Gained mutation: You are covered in thick fur. (AC +2)
                  | [Felid growth]
  4305 | D:4      | Reached XP level 6. HP: 11/26 MP: 4/12
  4716 | D:4      | Identified the +1 leather armour of Vlad {*Corrode +Inv
                  | rElec Regen+}
  4725 | D:4      | Found an ornate altar of the Wu Jian Council.
  4874 | D:3      | Killed Sigmund
  4875 | D:3      | Reached skill level 5 in Dodging
  4875 | D:3      | Reached XP level 7. HP: 22/30 MP: 2/13
  5208 | D:3      | Identified a scroll of acquirement
  5311 | D:3      | Acquired the ring of Bubief Apuch {rPois rF- rC+ rN+ Int+4}
  5472 | D:5      | Entered Level 5 of the Dungeon
  5665 | D:5      | Learned a level 4 spell: Summon Lightning Spire
  5792 | D:5      | Noticed Edmund
  5810 | D:5      | Killed Edmund
  6411 | D:6      | Reached XP level 8. HP: 34/34 MP: 14/14
  6589 | D:6      | Found a staircase to the Ecumenical Temple.
  6612 | D:6      | Reached skill level 5 in Air Magic
  6615 | Temple   | Entered the Ecumenical Temple
  6665 | Temple   | Became a worshipper of Gozag Ym Sagoz the Greedy
  6714 | D:6      | Noticed Eustachio
  6772 | D:6      | Killed Eustachio
  7093 | D:6      | Noticed Maggie
  7593 | D:4      | Found a burning altar of Makhleb.
  8030 | D:7      | Reached XP level 9. HP: 38/38 MP: 12/16
  8225 | D:7      | Reached skill level 6 in Dodging
  8739 | D:7      | Found a hazy altar of Hepliaklqana.
  8945 | D:7      | Reached skill level 5 in Hexes
  9577 | D:8      | Found Wywoly's Magic Scroll Emporium.
  9582 | D:8      | Bought a scroll of identify for 22 gold pieces
  9582 | D:8      | Bought a scroll of blinking for 82 gold pieces
  9582 | D:8      | Bought a scroll of identify for 22 gold pieces
  9587 | D:8      | Learned a level 4 spell: Passage of Golubria
 10357 | D:6      | Killed Maggie
 10358 | D:6      | Reached skill level 7 in Dodging
 10358 | D:6      | Reached skill level 5 in Spellcasting
 10358 | D:6      | Reached skill level 1 in Translocations
 10546 | D:8      | Bought a scroll of identify for 22 gold pieces
 10546 | D:8      | Bought a scroll of identify for 22 gold pieces
 10601 | D:9      | Reached XP level 10. HP: 43/43 MP: 18/18
 10614 | D:9      | Reached skill level 5 in Fighting
 10644 | D:9      | Noticed a necromancer
 10658 | D:9      | HP: 1/40 [necromancer/bolt of negative energy (19)]
 10662 | D:9      | Noticed Josephine
 10669 | D:9      | Found an iron altar of Okawaru.
 10721 | D:9      | Killed a necromancer
 10722 | D:9      | Reached skill level 8 in Dodging
 10971 | D:9      | Killed Josephine
 10972 | D:9      | Reached skill level 5 in Translocations
 11006 | D:9      | Noticed Pikel
 11013 | D:9      | Killed Pikel
 11677 | D:9      | Reached XP level 11. HP: 48/48 MP: 21/21
 11682 | D:9      | Reached skill level 9 in Dodging
 12466 | D:9      | Engulfed by their own flame
 12467 | D:9      | Reached XP level 10. HP: -4/45 MP: 38/38
 13206 | D:10     | Entered Level 10 of the Dungeon
 13613 | D:10     | Noticed a two-headed ogre
 13639 | D:10     | Killed a two-headed ogre
 13861 | D:10     | Noticed a centaur warrior
 13881 | D:10     | Shot with an arrow by a centaur warrior
 13882 | D:10     | Reached XP level 9. HP: -8/42 MP: 32/38
 14128 | D:10     | Noticed a two-headed ogre
 14143 | D:10     | Killed a two-headed ogre
 14144 | D:10     | Reached skill level 10 in Dodging
 14144 | D:10     | Reached XP level 10. HP: 47/47 MP: 21/21
 14162 | D:10     | Found a hide-covered altar of Uskayaw.
 14215 | D:11     | Noticed a two-headed ogre
 14232 | D:11     | Killed a two-headed ogre
 14278 | D:11     | Found Hukooss's Magic Scroll Shop.
 14282 | D:11     | Bought a scroll of summoning for 95 gold pieces
 14661 | D:11     | Noticed a gargoyle
 14675 | D:11     | Noticed Gastronok
 14688 | D:11     | Killed a gargoyle
 14693 | D:11     | Killed Gastronok
 14694 | D:11     | Noticed Maurice
 14733 | D:11     | Noticed a boulder beetle
 14906 | D:11     | Killed Maurice
 15149 | D:11     | Reached XP level 11. HP: 51/51 MP: 23/23
 15384 | D:11     | Found a staircase to the Lair.
 15436 | D:11     | Found a staircase to the Orcish Mines.
 15657 | D:12     | Noticed a boulder beetle
 15705 | Lair:1   | Entered Level 1 of the Lair of Beasts
 15716 | Lair:1   | Reached skill level 11 in Dodging
 16871 | Lair:2   | Noticed Sonja
 16962 | Lair:2   | Noticed Erica
 16964 | Lair:2   | Killed Sonja
 16992 | Lair:2   | Killed Erica
 17229 | Lair:2   | Noticed a death yak
 17246 | Lair:2   | Killed a death yak
 17258 | Lair:2   | Noticed a death yak
 17258 | Lair:2   | Noticed a death yak
 17263 | Lair:2   | Noticed a death yak
 17271 | Lair:2   | Killed a death yak
 17272 | Lair:2   | Reached skill level 10 in Summonings
 17272 | Lair:2   | Killed a death yak
 17273 | Lair:2   | Reached skill level 12 in Dodging
 17274 | Lair:2   | Killed a death yak
 17334 | Lair:2   | Found a staircase to the Shoals.
 17477 | Lair:2   | Noticed Amaemon
 17501 | Lair:2   | Killed Amaemon
 17658 | Lair:2   | Gained mutation: Your thick and shaggy fur keeps you warm.
                  | (AC +3, rC+) [Felid growth]
 17658 | Lair:2   | Reached XP level 12. HP: 57/57 MP: 25/25
 18911 | Lair:4   | Noticed a four-headed hydra
 18924 | Lair:4   | Mangled by a four-headed hydra
 18925 | Lair:4   | Reached XP level 11. HP: -8/53 MP: 34/34
 19472 | Lair:3   | Reached skill level 13 in Dodging
 19799 | Lair:3   | Reached skill level 10 in Fighting
 20497 | Lair:3   | Found a hole to the Spider Nest.
 20618 | Lair:3   | Reached XP level 12. HP: 58/58 MP: 26/26
 20956 | Lair:3   | Noticed a dire elephant
 21025 | Lair:3   | Killed a dire elephant
 21026 | Lair:3   | Reached skill level 10 in Spellcasting
 21298 | Lair:4   | Noticed an eight-headed hydra
 21348 | Lair:4   | Reached skill level 14 in Dodging
 21357 | Lair:4   | Killed an eight-headed hydra
 21399 | Lair:4   | Noticed a death yak
 21399 | Lair:4   | Noticed a death yak
 21405 | Lair:5   | Entered Level 5 of the Lair of Beasts
 21459 | Lair:4   | HP: 1/59 [black mamba (3)]
 21591 | Lair:4   | Acquired a ring of protection from fire
 21593 | Lair:4   | Identified the +0 robe "Jajadiph" {*Slow rF+ Str+5 Dex+4}
 21765 | Lair:4   | Killed a four-headed hydra
 22079 | Lair:4   | Noticed a death yak
 22083 | Lair:4   | Noticed a death yak
 22087 | Lair:4   | Noticed a death yak
 22102 | Lair:4   | Killed a death yak
 22102 | Lair:4   | Killed a death yak
 22107 | Lair:4   | Killed a death yak
 22107 | Lair:4   | Killed a death yak
 22112 | Lair:4   | Reached skill level 15 in Dodging
 22518 | Lair:4   | Killed a death yak
 22560 | Lair:4   | Learned a level 3 spell: Mephitic Cloud
 22671 | Lair:4   | Reached XP level 13. HP: 64/64 MP: 28/28
 23722 | Lair:4   | Reached skill level 16 in Dodging
 24059 | Lair:5   | Found a runed translucent door.
 24059 | Lair:5   | Found a viscous altar of Jiyva.
 24571 | Lair:5   | HP: 4/97 [cane toad (6)]
 24572 | Lair:5   | Slain by a cane toad
 24573 | Lair:5   | Reached XP level 12. HP: -1/91 MP: 36/36
 24642 | Lair:5   | Mangled by a goliath frog

Illustrated notes

Levels and vault maps discovered:
D:1:      nicolae_arrival_washed_ashore, layout_basic,
          shapermc_ecumenical_altar_pompeii, bh_walls_and_bars
D:2:      layout_basic, basic_altar
D:3:      layout_loops_ring, uniq_sigmund
D:4:      layout_basic, mainiacjoe_overflow_brackets,
          nicolae_yredelemnul_ghost_church, pdpol_wu_jian_five_deadly_venoms,
          nicolae_overflow_hidden_temple, serial_rivers,
          chequers_serial_rivers_micro_c, chequers_serial_rivers_small_b,
          chequers_serial_rivers_micro_d, chequers_serial_rivers_small_b,
          kennysheep_small_square
D:5:      layout_basic, minmay_stone_trees_medium, nicolae_underground_beach,
          uniq_edmund
D:6:      layout_rooms, minmay_temple_entry_water_ring, uniq_maggie,
          uniq_eustachio
D:7:      layout_basic, mainiacjoe_overflow_paths
D:8:      layout_gridville, serial_shops, shop_scrolls
D:9:      hangedman_screamer, layout_loops_ring, okawaru_gym_becter,
          nicolae_benzene_ring, kennysheep_cluttered_room, uniq_pikel
D:10:     layout_roguey, lemuel_round_altar, wad_mini_maze
D:11:     cheibrodos_elevator_heist, layout_cave_pools, david_lair_shrubbed,
          hiddenorc1_lemuel, serial_shops, nicolae_diamond_shop, uniq_gastronok,
          uniq_maurice
D:12:     kennysheep_treasure_stockpile, layout_basic
Temple:   nicolae_temple_bog_church
Lair:1:   layout_misc_corridors
Lair:2:   layout_misc_corridors, minmay_shoals_entry_centaurs,
          grunt_forest_small_clearing_treed, uniq_amaemon, uniq_erica,
          uniq_sonja
Lair:3:   layout_small_grid, nicolae_spider_entry_non_spiders,
          bh_autumn_forest_stairs, nicolae_lair_grazing_beasts
          [nicolae_sub_lair_graze_edge, nicolae_sub_lair_graze_edge,
          nicolae_sub_lair_graze_edge, nicolae_sub_lair_graze_edge]
Lair:4:   layout_concentric_octagons, nicolae_quartered_pool_little,
          lemuel_fruit_fields, infiniplex_staircase_pool_2
Lair:5:   minmay_lair_end_frog_pond, layout_cave_shapes, slime_entry_2,
          dpeg_oklob_1

Skill      XL: |  1  2  3  4  5  6  7  8  9 10 11 12 13 |
---------------+----------------------------------------+-----
Dodging        | 3 4 5 10 8 13 15 16 | 16.6
Stealth        | 3 |  3.3
Fighting       | 1 2 3 7 6 10 11 12 | 12.8
Spellcasting   | 3 4 7 6 8 10 | 10.0
Hexes          | 2 3 4 5 |  5.0
Summonings     | 5 6 9 10 | 10.0
Air Magic      | 4 7 8 |  8.9
Translocations | 3 5 6 |  6.8

Action                   |  1- 3 |  4- 6 |  7- 9 | 10-12 | 13-15 || total
-------------------------+-------+-------+-------+-------+-------++-------
Melee: Unarmed           |    28 |    29 |    13 |    64 |    17 ||   151
       Bite              |     1 |     3 |       |    10 |     4 ||    18
 Cast: Summon Small Mamm |    52 |    24 |    51 |    52 |       ||   179
       Call Imp          |    15 |     8 |    15 |    13 |     2 ||    53
       Call Canine Famil |     7 |    26 |    42 |    62 |     6 ||   143
       Summon Guardian G |       |     4 |    35 |    74 |     6 ||   119
       Summon Lightning  |       |       |    14 |   147 |    26 ||   187
       Mephitic Cloud    |       |       |       |     6 |    21 ||    27
       Passage of Golubr |       |       |       |     1 |       ||     1
Invok: Potion Petition   |       |       |       |     5 |     3 ||     8
Evoke: Wand              |       |       |     5 |    11 |       ||    16
  Use: Scroll            |     2 |       |    16 |    16 |     4 ||    38
       Potion            |     1 |     3 |     1 |    13 |       ||    18
 Stab: Sleeping          |     2 |     2 |       |       |       ||     4
       Distracted        |     1 |       |       |     5 |     1 ||     7
       Invisible         |       |       |     2 |       |       ||     2
       Confused          |       |       |       |       |     2 ||     2
Armor: Skin              |     3 |     5 |    13 |    27 |     7 ||    55
Dodge: Dodged            |    45 |    56 |   117 |   369 |   119 ||   706

Table legend: (Time is in decaauts)
 A = Elapsed time spent in this place.
 B = Non-inter-level travel time spent in this place.
 C = Inter-level travel time spent in this place.
 D = Time resting spent in this place.
 E = Time spent auto-exploring this place.
 F = Levels seen in this place.
 G = Mean time per level.
                   A        B        C        D        E       F      G
               +--------+--------+--------+--------+--------+-----+--------+
         Total |  22249 |  21347 |    902 |   6840 |   7892 |  18 | 1236.1 |
       Dungeon |  14088 |  13401 |    687 |   3719 |   5939 |  12 | 1174.0 |
        Temple |     56 |     47 |      9 |      0 |     38 |   1 |   56.0 |
          Lair |   8104 |   7899 |    205 |   3121 |   1915 |   5 | 1620.8 |
               +--------+--------+--------+--------+--------+-----+--------+

Top non-repeatable levels by time:
  Lair:4: 2458 daAuts
     D:9: 2432 daAuts
  Lair:3: 2089 daAuts
  Lair:2: 1882 daAuts
     D:7: 1543 daAuts
     D:3: 1450 daAuts
     D:1: 1366 daAuts
     D:4: 1328 daAuts
    D:11: 1233 daAuts
  Lair:1: 1042 daAuts
    D:10: 1015 daAuts
     D:2: 983 daAuts
     D:5: 977 daAuts
     D:6: 900 daAuts
     D:8: 846 daAuts
